Unix NetHack Version 5.0.0-0 post-release - last build Jun 10 2026 00:39:30 (3ee93aec679c4c4259841fe613dc97188e26a321,branch:main).

Game began 2026-06-11 02:16:39, ended 2026-06-11 02:27:54.

DaveT, lawful male human Priest

                                                 ------            ---------
                                                #-....|           #@.!$!!!!|
                                                #|....|           q|@!!!!!!|
                            ---------------    ##-|----           #|.!$!!!!|
                            |.............|    #  #               #---------
                            |.............|  ###  #               ##
                            |..............###    ##               #
                            |.............|        #               ###
                            ----.----------        #                 #
           --.-------          ##                  ###########       #
           |........|          #                   #       --.-------#
           |>........##        #                   #       |........|#
           |_.......| #       ##                 --|--   ##.........|#
           ---------- ##      #                  |...|   # |........|#
                       ##    ##                  |...|#### |.........#
                        #----.--                 |....#    ----------
                        #.d....|                 |...|
                         |...(.|                 |..<|
                         -------                 -----

DaveT the Acolyte            St:12 Dx:12 Co:15 In:9 Wi:18 Ch:11  Lawful
Dlvl:4  $:0  HP:0(41) Pw:80(80) AC:3  Xp:5 T:2122 

Latest messages:
 Moreover, you have no gold.
 You hit the pony!
 The pony misses!
 The pony misses!
 You hit the pony.
 The pony kicks!
 The pony bites!
 You miss the pony.
 The pony misses!
 The pony bites!
 You miss the pony.
 The rothe just misses!
 The rothe bites!
 The rothe bites again!
 The pony kicks!
 The pony bites!
 You are now more skilled in mace.
 You miss the pony.
 The pony kicks!
 The pony bites!
 You miss the pony.
 The pony kicks!
 The pony bites!
 The pony kicks!
 The pony bites!
 You kill the pony!
 You hit the rothe!
 You miss the rothe.
 The rothe hits!
 The rothe bites!
 The rothe misses!
 You kill the rothe!
 There is an open door here.
 You see here a rothe corpse.
 There is a rothe corpse here; eat it? [ynq] (n) y
 Blecch!  Rotten food!
 You finish eating the rothe corpse.
 You hit the rothe.
 The rothe misses!
 The rothe bites!
 The rothe bites again!
 You do not owe Swidnica anything.
 Moreover, you have no gold.
 The rothe misses!
 The rothe bites!
 The rothe bites again!
 You die...
 Swidnica gratefully inherits all your possessions.
 Do you want to see what you had when you died? [ynq] (y) y
 Do you want to see your attributes? [ynq] (y) q

Inventory:
 Weapons  (')')
  T - 8 blessed +0 darts
  P - 8 +0 darts
  L - a +1 orcish dagger
  O - 2 +0 orcish daggers
  a - a blessed very corroded +2 mace (weapon in right hand)
 Armor    ('[')
  k - a +0 orcish helm (being worn)
  c - a +0 small shield (being worn)
  b - a blessed +3 robe (being worn)
 Comestibles  ('%')
  e - a clove of garlic
  f - a sprig of wolfsbane
  l - a tripe ration
 Spellbooks  ('+')
  h - a spellbook of chain lightning
  g - a spellbook of jumping
 Potions  ('!')
  j - a potion of extra healing
  S - a cursed potion of healing
  d - 2 potions of holy water
 Wands    ('/')
  M - a blessed wand of make invisible (0:6)
 Tools    ('(')
  i - an oil lamp
 Gems/Stones  ('*')
  N - an aquamarine stone

DaveT the Priest's attributes:

Background:
 You were an Acolyte, a level 5 human Priest.
 You were lawful, on a mission for Quetzalcoatl
 who was opposed by Camaxtli (neutral) and Huhetotl (chaotic).
 You were right-handed.
 You were in the Dungeons of Doom, on level 4.
 You entered the dungeon 2122 turns ago.
 It was nighttime.
 You had 237 experience points, 83 more were needed to attain level 6.

Basics:
 You had 0 out of 41 hit points.
 You had all 80 energy points (spell power).
 Your armor class was 3.
 Your wallet was empty.
 Autopickup was off.

Final Characteristics:
 Your strength was 12 (limit:18/100).
 Your dexterity was 12 (limit:18).
 Your constitution was 15 (limit:18).
 Your intelligence was 9 (limit:18).
 Your wisdom was 18 (limit:18).
 Your charisma was 11 (limit:18).

Final Status:
 You weren't hungry.
 You were unencumbered.
 You were wielding a mace.
 You were skilled in mace.

Final Attributes:
 You were piously aligned.
 You were guarded.
 Your spell casting was enhanced by wearing a robe.
 You are dead.

Miscellaneous:
 You didn't encounter any bones levels.
 Total elapsed playing time was 11 minutes and 14 seconds.

Major events:
 Turn
    1: DaveT the lawful human Priest entered the dungeon
  388: entered the Gnomish Mines
  396: attained the rank of Acolyte (level 3)
 2122: killed by a rothe

Spells:
 Name                 Level Category     Fail Retention
 light                  1   clerical       0%   81%-90%
 detect food            2   divination    46%  76%-100%
 chain lightning        2   attack        46%  76%-100%

Skills:
 Fighting Skills
   bare handed combat [Unskilled]
 Weapon Skills
   club               [Unskilled]
   mace               [Skilled]
   morning star       [Unskilled]
   flail              [Unskilled]
   hammer             [Unskilled]
   quarterstaff       [Unskilled]
   polearms           [Unskilled]
   spear              [Unskilled]
   trident            [Unskilled]
   lance              [Unskilled]
   bow                [Unskilled]
   sling              [Unskilled]
   crossbow           [Unskilled]
   dart               [Unskilled]
   shuriken           [Unskilled]
   boomerang          [Unskilled]
   unicorn horn       [Unskilled]
 Spellcasting Skills
   healing spells     [Unskilled]
   divination spells  [Unskilled]
   clerical spells    [Basic]

Voluntary challenges:
 Character rerolling was not enabled.
 You never genocided any monsters.
 You never polymorphed an object.
 You never changed form.
 You used no wishes.
Achievements:
 You entered a shop.
 You entered the Gnomish Mines.
 You attained the rank of Acolyte.

 The Dungeons of Doom: levels 1 to 5
    Level 1:
       An altar, a sink.
    Level 2:
       Stairs down to The Gnomish Mines.
    Level 3: "vault"
       A general store.
    Level 4: "vault" <- You were here.
       A potion shop, an altar.
       Final resting place for
          you, killed by a rothe.
    Level 5:
       An altar.
 The Gnomish Mines:
    Level 3:


Vanquished creatures:
  2 leprechauns
 an imp
  a pony
  a shrieker
  a gnome leader
  2 giant ants
  a dwarf
  a homunculus
  a rothe
  2 acid blobs
  2 coyotes
  a gas spore
  2 green molds
  a red mold
  a gnome
  5 geckos
  2 jackals
  a fox
  2 kobolds
  3 goblins
  a sewer rat
  a grid bug
  3 lichens
  a kobold zombie
  3 newts
42 creatures vanquished.

No species were genocided or became extinct.

Game over:
                       ----------
                      /          \
                     /    REST    \
                    /      IN      \
                   /     PEACE      \
                  /                  \
                  |      DaveT       |
                  |       0 Au       |
                  |   killed by a    |
                  |      rothe       |
                  |                  |
                  |                  |
                  |       2026       |
                 *|     *  *  *      | *
        _________)/\\_//(\/(/\)/\//\/|_)_______

Goodbye DaveT the Priest...

You died in The Dungeons of Doom on dungeon level 4 with 1168 points,
and 0 pieces of gold, after 2122 moves.
You were level 5 with a maximum of 41 hit points when you died.

